 Dungeon Crawl Stone Soup version 0.31-a0-355-g57cb03d3e8 (webtiles) character file.

Game seed: 5375021037665320160

81 bobarctor the Sneak (level 4, 0/21 HPs)
             Began as a Felid Delver on July 24, 2023.
             Slain by a black bear (6 damage)
             ... on level 4 of the Dungeon.
             The game lasted 00:12:14 (3362 turns).

bobarctor the Sneak (Felid Delver)                  Turns: 3362, Time: 00:12:15

Health: 0/21       AC:  1    Str:  8    XL:     4   Next: 19%
Magic:  6/6        EV: 18    Int: 11    God:
Gold:   148        SH:  5    Dex: 19    Spells: 1/4 levels left
                                        Lives:  0   Deaths: 1

rFire   . .          .
                       - Unarmed
rCold   . . .        (shield unavailable)
rNeg    . . .        (body armour unavailable)
rPois   .            (helmet unavailable)
rElec   .            (cloak unavailable)
rCorr   .            (gloves unavailable)
SInv    +            (boots unavailable)
Will    .....        q - amulet of reflection
Stlth   ++++         (no ring)
HPRegen 0.23/turn    (no ring)
MPRegen 0.10/turn

%: reflection
@: quick
A: very small, claws 1, fangs 3, see invisible, speed 1, shaggy fur 1, stealthy
paws, no weapons or thrown items, no armour, multi-lived
a: no special abilities


You were on level 4 of the Dungeon.
You visited 1 branch of the dungeon, and saw 5 of its levels.

You collected 148 gold pieces.

Inventory:

Jewellery
 m - a +6 ring of strength
 q - an amulet of reflection (around neck)
Wands
 e - a wand of digging (3)
Scrolls
 a - a scroll of fog
 b - a scroll of revelation
 c - 2 scrolls of fear
 f - 5 scrolls of identify {unknown}
 h - a scroll of vulnerability {unknown}
 i - a scroll of enchant armour {unknown}
 l - 2 scrolls of teleportation {unknown}
 o - a scroll of brand weapon {unknown}
 p - a scroll of silence {unknown}
 r - a scroll of blinking {unknown}
Potions
 d - 2 potions of haste
 g - a potion of resistance {unknown}
 j - 2 potions of heal wounds {unknown}
 k - 4 potions of curing {unknown}
 n - 2 potions of might {unknown}


   Skills:
 + Level 3.3 Fighting
 + Level 3.1 Dodging
 + Level 7.9 Stealth
 + Level 3.2 Unarmed Combat
 * Level 0.8 Spellcasting
 * Level 0.8 Necromancy


You had one spell level left.
You knew the following spells:

 Your Spells              Type           Power      Damage    Failure   Level
a - Vampiric Draining     Necr           2%         2d6       56%         3

Your spell library contained the following spells:

 Spells                   Type           Power      Damage    Failure   Level
 Slow                     Hex            0%         N/A       32%         1
 Confusing Touch          Hex            0%         N/A       69%         3


Dungeon Overview and Level Annotations

Branches:
Dungeon (5/15)
 Temple: D:4-7

Altars:
Ashenzari

Shops:
D:1 =

Annotations:
D:2 Crazy Yiuf


Innate Abilities, Weirdness & Mutations

You have sharp claws.
You have razor-sharp teeth.
You have supernaturally acute eyesight. (SInv)
You cover ground quickly. (Speed+)
You are covered in fur. (AC +1)
Your paws help you pounce on unaware monsters.
You are incapable of wielding weapons or throwing items.
You cannot wear armour.
You gain extra lives every three experience levels.


Message History

The hound is almost dead.
The hound barely misses you. The hound misses you.
You scratch the hound.
You kill the hound!
Welcome back to level 4!
You start resting.
Magic restored.
You start resting.
HP restored.
You now have 148 gold pieces (gained 11).
Found a dagger.
You catch the helpless black bear completely off-guard!
You claw the black bear!
The black bear is heavily wounded.
The black bear misses you. You block the black bear's attack.
The black bear misses you.
You scratch the black bear. You bite the black bear.
The black bear is severely wounded.
The black bear completely misses you. The black bear closely misses you.
The black bear completely misses you.
You scratch the black bear but do no damage.
The black bear is severely wounded.
The black bear bites you! You block the black bear's attack.
The black bear claws you.
You scratch the black bear.
The black bear is severely wounded.
The black bear misses you. The black bear barely misses you.
The black bear claws you.
* * * LOW HITPOINT WARNING * * *
You scratch the black bear but do no damage.
The black bear is severely wounded.
The black bear barely misses you. The black bear completely misses you.
The black bear barely misses you.
You scratch the black bear.
The black bear is almost dead.
The black bear goes berserk!
You scratch the black bear but do no damage.
The black bear is severely wounded.
The black bear closely misses you. The black bear claws you.
You die...

### ## ##.# #.######..##
##...#......# ##...........#
#....###.#...## #....# ###..@.#.
#....#####..h)....#
##................##
#...#.#..##.......#.##
#..#####...###.....#..# ######
#...#. #..## #..#.....##......
#......###..###.##.............
..........................#.....
... ...........................#


You could see a black bear (berserk).

Vanquished Creatures
  A hound (D:4)
  Robin (D:2)
  An adder (D:2)
  2 worms
  2 dart slugs (D:1)
  5 orcs (D:3)
  5 ball pythons
  5 endoplasms
  3 giant cockroaches
  10 goblins
  6 hobgoblins
  6 kobolds
  2 quokkas
  4 bats
  3 frilled lizards
  8 rats
64 creatures vanquished.

Notes
Turn   | Place    | Note
-------+----------+-------------------------------------------
     0 | D:5      | bobarctor the Felid Delver began the quest for the Orb.
     0 | D:5      | Reached XP level 1. HP: 10/10 MP: 2/2
    41 | D:4      | Noticed a hound
    82 | D:4      | Found a broken altar of Ashenzari.
   190 | D:2      | Noticed Robin
   245 | D:3      | Reached skill level 7 in Stealth
   275 | D:3      | Reached XP level 2. HP: 11/14 MP: 3/3
   298 | D:2      | Killed Robin
   450 | D:1      | Reached XP level 3. HP: 17/17 MP: 4/4
   705 | D:1      | Found Ajunt's Jewellery Emporium.
  1697 | D:2      | Reached XP level 4. HP: 14/21 MP: 5/5
  1744 | D:2      | Learned a level 3 spell: Vampiric Draining
  2215 | D:2      | Found a runed translucent door.
  2216 | D:2      | Noticed Crazy Yiuf
  3030 | D:2      | Slain by Crazy Yiuf
  3031 | D:2      | Reached XP level 3. HP: -1/17 MP: 2/4
  3120 | D:4      | Noticed a black bear
  3278 | D:4      | Reached XP level 4. HP: 10/21 MP: 4/6
  3362 | D:4      | Slain by a black bear

Illustrated notes

Levels and vault maps discovered:
D:1:      dpeg_arrival_three_same_balls, layout_basic, serial_shops, shop
D:2:      layout_loops_ring, uniq_crazy_yiuf_cottage, uniq_robin
D:3:      layout_basic, chequers_serial_rivers_marsh
D:4:      layout_cave_pools, mainiacjoe_overflow_surrounded_room
D:5:      layout_rooms, eat_drink_and_be_merry_uskayaw, uniq_sigmund

Skill      XL: |  1  2  3  4 |
---------------+-------------+-----
Stealth        | 7 |  7.9
Dodging        | 3 |  3.1
Unarmed Combat | 3 |  3.2
Fighting       | |  3.3
Spellcasting   | |  0.8
Necromancy     | |  0.8

Action                     |  1- 3 |  4- 6 || total
---------------------------+-------+-------++-------
  Melee: Unarmed           |   133 |    99 ||   232
         Punch             |     3 |     3 ||     6
         Bite              |     4 |    16 ||    20
   Stab: Sleeping          |    13 |     3 ||    16
         Distracted        |     1 |     2 ||     3
 Armour: Skin              |     8 |     2 ||    10
  Dodge: Dodged            |   114 |    42 ||   156
  Block: Other             |     2 |     8 ||    10
         Reflection        |       |     2 ||     2

Table legend: (Time is in decaauts)
 A = Elapsed time spent in this place.
 B = Non-inter-level travel time spent in this place.
 C = Inter-level travel time spent in this place.
 D = Time resting spent in this place.
 E = Time spent auto-exploring this place.
 F = Levels seen in this place.
 G = Mean time per level.
                   A        B        C        D        E       F      G
               +--------+--------+--------+--------+--------+-----+--------+
         Total |   2848 |   2779 |     69 |    417 |   1569 |   5 |  569.6 |
       Dungeon |   2848 |   2779 |     69 |    417 |   1569 |   5 |  569.6 |
               +--------+--------+--------+--------+--------+-----+--------+

Top non-repeatable levels by time:
     D:1: 902 daAuts
     D:3: 796 daAuts
     D:2: 767 daAuts
     D:4: 379 daAuts
     D:5: 2 daAuts
